 Dungeon Crawl Stone Soup version 0.28.0-53-g5a82cb258f (webtiles) character file.

Game seed: 5424555841268759226

54888 Ethylacetat the Archer (level 14, -32/141 HPs)
             Began as a Naga Hunter on May 23, 2022.
             Was the Champion of Cheibriados.
             Engulfed by a cloud of freezing vapour (34 damage)
             ... in an ice cave.
             The game lasted 01:16:28 (17397 turns).

Ethylacetat the Archer (Naga Hunter)               Turns: 17397, Time: 01:16:29

Health: -32/141    AC: 10    Str: 36    XL:     14   Next: 74%
Magic:  24/24      EV: 14    Int: 30    God:    Cheibriados [******]
Gold:   1156       SH:  5    Dex: 31    Spells: 22/26 levels left

rFire   . . .      SeeInvis +   i - +6 longbow (flame)
rCold   . . .      Faith    .   (shield currently unavailable)
rNeg    + . .      Spirit   .   K - +1 leather armour "Elicyok" {Str+5}
rPois   +          Reflect  +   F - +1 hat {Stlth+}
rElec   +          Harm     .   m - +1 cloak
rCorr   .          Rampage  .   (no gloves)
Will    +....                   (no barding)
Stlth   ++++......              t - amulet of reflection
HPRegen 0.33/turn               u - ring "Coavepani" {rElec rN+ EV+4 Int+4}
MPRegen 0.19/turn               c - +4 ring of slaying

@: studying 2 skills, very slow
A: AC +4, large, see invisible, deformed body, poison resistance, slowness 2,
spit poison 1, naga tail 2
a: Spit Poison, Renounce Religion, Bend Time, Temporal Distortion, Slouch, Step
From Time


You were in an ice cave.
You worshipped Cheibriados.
Cheibriados was exalted by your worship.
You visited 4 branches of the dungeon, and saw 21 of its levels.
You also visited: Ossuary and Ice Cave.

You collected 1273 gold pieces.
You spent 117 gold pieces at shops.

Inventory:

Hand Weapons
 i - a +6 longbow of flaming (weapon)
Missiles
 d - 547 arrows (quivered ammo)
 l - a throwing net
Armour
 m - a +1 cloak (worn)
 F - a +1 hat of stealth (worn)
 K - the +1 leather armour "Elicyok" (worn) {Str+5}
   (You found it on level 9 of the Dungeon)

   Str:       It affects your strength (+5).
Jewellery
 c - a +4 ring of slaying (right hand)
 t - an amulet of reflection (around neck)
 u - the ring "Coavepani" (left hand) {rElec rN+ EV+4 Int+4}
   (You found it on level 11 of the Dungeon)

   [ring of evasion]

   EV:        It affects your evasion (+4).
   Int:       It affects your intelligence (+4).
   rElec:     It insulates you from electricity.
   rN:        It protects you from negative energy.
 x - the ring of the Tortoise {AC+8}
   (You found it on level 12 of the Dungeon)

   [ring of protection]

   AC:        It affects your AC (+8).
 M - a ring of protection from fire
Wands
 y - a wand of flame (29)
 B - a wand of digging (7)
 E - a wand of iceblast (20)
 J - a wand of mindburst (14)
Scrolls
 e - 10 scrolls of identify
 f - 2 scrolls of blinking
 g - 6 scrolls of teleportation
 j - 2 scrolls of brand weapon
 n - a scroll of holy word
 o - 2 scrolls of immolation
 r - 5 scrolls of fog
 w - a scroll of amnesia
 C - 3 scrolls of fear
 G - a scroll of enchant weapon
Potions
 a - a potion of mutation {unknown}
 h - 2 potions of cancellation {unknown}
 k - 5 potions of heal wounds
 q - 9 potions of curing
 s - 2 potions of brilliance
 z - 2 potions of lignification
 A - a potion of ambrosia {unknown}
 D - 5 potions of flight
 H - a potion of berserk rage {unknown}
 I - 2 potions of magic {unknown}
 L - a potion of resistance {unknown}


   Skills:
 + Level 13.2 Fighting
 - Level 1.0 Short Blades
 * Level 14.4 Bows
 - Level 0.4 Armour
 - Level 1.5 Dodging
 - Level 1.5 Stealth
 - Level 6.9 Spellcasting
 - Level 7.6 Air Magic
 + Level 12.9 Invocations


You had 22 spell levels left.
You knew the following spells:

 Your Spells              Type           Power      Damage    Failure   Level
a - Poisonous Vapours     Pois/Air       66%        N/A       1%          2
b - Blink                 Tloc           20%        N/A       9%          2

Your spell library contained the following spells:

 Spells                   Type           Power      Damage    Failure   Level
 Magic Dart               Conj           40%        1d5       5%          1
 Pain                     Necr           40%        1d6       5%          1
 Sting                    Tmut/Pois      40%        1d5       5%          1
 Mephitic Cloud           Conj/Pois/Air  25%        N/A       5%          3
 Call Imp                 Summ           10%        N/A       9%          2
 Ensorcelled Hibernation  Hex/Ice        20%        N/A       9%          2
 Dazzling Flash           Conj/Hex       20%        N/A       16%         3
 Spider Form              Tmut/Pois      10%        N/A       16%         3
 Silence                  Hex/Air        16%        N/A       30%         5
 Anguish                  Hex/Necr       5%         N/A       47%         4
 Fulminant Prism          Conj/Hex       5%         3d7       47%         4
 Iskenderun's Mystic Bla  Conj/Tloc      10%        2d4       47%         4
 Olgreb's Toxic Radiance  Pois           10%        N/A       47%         4
 Passage of Golubria      Tloc           10%        N/A       47%         4
 Agony                    Necr           10%        N/A       83%         5
 Excruciating Wounds      Necr           5%         N/A       83%         5
 Lee's Rapid Deconstruct  Erth           5%         3d7*      83%         5
 Manifold Assault         Tloc           10%        N/A       83%         5
 Starburst                Conj/Fire      5%         6d4       100%        6
 Storm Form               Tmut/Air       16%        N/A       100%        7
 Lehudib's Crystal Spear  Conj/Erth      5%         10d3      100%        8


Dungeon Overview and Level Annotations

Branches:
Dungeon (13/15)            Temple (1/1) D:4            Lair (6/6) D:11
  Swamp (0/4) Lair:3        Snake (1/4) Lair:3        Slime (0/5) Lair:5
    Orc (0/2) D:10        Ossuary (visited)           IceCv (1/1)
 Vaults: D:13-14

Altars:
Ashenzari
Cheibriados
Dithmenos
Elyvilon
Fedhas
Gozag
Hepliaklqana
Kikubaaqudgha
Okawaru
Qazlal
Ru
Sif Muna
Trog
Uskayaw
Vehumet
Wu Jian
Xom
Zin
The Shining One
Jiyva

Shops:
D:3 ?   D:9 *

Annotations:
D:13 Urug
Lair:5 1 runed translucent door
Snake:1 Donald


Innate Abilities, Weirdness & Mutations

Your serpentine skin is tough. (AC +4)
You have supernaturally acute eyesight. (SInv)
Armour fits poorly on your strangely shaped body.
Your system is resistant to poisons. (rPois)
You cover ground very slowly.
You can spit poison.
You can use your snake-like lower body to constrict enemies.


Message History

Press: ? - help, Q - select action, (/) - cycle Shift-Dir - straight line, f/p - reaper
Aim: a reaper, wielding a +3 scythe of freezing, wearing a +0 robe of cold resistance and wearing a ring of ice (heavily wounded, 79% to hit)
You shoot an arrow.
The white imp shouts, "Begone, thou simpering folly-fallen varlet!"
The arrow hits the reaper but does no damage.
The reaper is heavily wounded.
Fire: 551 arrows
Press: ? - help, Q - select action, (/) - cycle Shift-Dir - straight line, f/p - reaper
Aim: a reaper, wielding a +3 scythe of freezing, wearing a +0 robe of cold resistance and wearing a ring of ice (heavily wounded, 79% to hit)
You shoot an arrow. The arrow hits the reaper!!
The arrow burns the reaper!
The reaper is almost dead.
The white imp shouts, "Slither home, thou puking fob-snatching blabberskite!"
Fire: 550 arrows
Press: ? - help, Q - select action, (/) - cycle Shift-Dir - straight line, f/p - reaper
Aim: a reaper, wielding a +3 scythe of freezing, wearing a +0 robe of cold resistance and wearing a ring of ice (almost dead, 79% to hit)
You shoot an arrow. The arrow closely misses the reaper.
The arrow hits the white imp!
The arrow burns the white imp!
You kill the white imp!
Cheibriados appreciates the change of pace.
The reaper hits you from afar with a +3 scythe of freezing!!
The reaper freezes you!
* * * LOW HITPOINT WARNING * * *
Fire: 549 arrows
Press: ? - help, Q - select action, (/) - cycle Shift-Dir - straight line, f/p - reaper
Aim: a reaper, wielding a +3 scythe of freezing, wearing a +0 robe of cold resistance and wearing a ring of ice (almost dead, 79% to hit)
You shoot an arrow. The arrow hits the reaper!
The arrow burns the reaper.
You kill the reaper!
Cheibriados thoroughly appreciates the change of pace.
Fire: 548 arrows
Press: ? - help, Q - select action, (/) - cycle Shift-Dir - straight line, f - white imp
Aim: a white imp (lightly wounded, 79% to hit)
You shoot an arrow. The arrow hits the white imp!!
The arrow burns the white imp.
You kill the white imp!
Cheibriados thoroughly appreciates the change of pace.
You are engulfed in freezing vapours.
* * * LOW HITPOINT WARNING * * *
Found an Everburning Encyclopedia.
You are engulfed in freezing vapours.
You die...

#....#≈≈#..#. # ##
##.#...≈≈...#.
##.#.#
.#..##..#≈#....
:(#(.
(....#..###...# ....
☼#.((..# #..##
#(.####§..#(..#
##.#.
#(.§§§§...#...#
##... #(§☼§#..
#...###....
#.☼@#(.###....##....
##.§#.##......##)..#
#..#.#.....#..##[.#
###..(....###..####
#........# #...###
#.......## ##..#..
##......# ##....
#.....## ##..#
##...## ####


There were no monsters in sight!

Vanquished Creatures
  Gastronok (Lair:3)
  A reaper (IceCv)
  6 hydras
  2 centaur warriors
  4 two-headed ogres
  Erica (Lair:2)
  9 death yaks
  Nergalle (Lair:3)
  Sonja (Lair:2)
  An oklob plant (Lair:2)
  2 cyclopes
  A manticore (D:10)
  6 elephants
  2 torpor snails
  Maurice (D:8)
  3 ice statues
  4 black mambas
  Joseph (D:8)
  11 cane toads
  A kobold demonologist (D:12)
  7 komodo dragons
  4 rime drakes
  An anaconda simulacrum (IceCv)
  6 ice devils (IceCv)
  A troll (D:10)
  A tarantella (shapeshifter) (D:11)
  6 slime creatures (D:13)
  14 blink frogs
  2 meliai zombies
  2 dream sheep (Lair:6)
  Sigmund (D:3)
  A shadow (D:13)
  A wraith (D:11)
  7 wyverns
  2 dire elephant simulacra (IceCv)
  55 yaks
  3 death yak simulacra (IceCv)
  5 basilisks
  A harpy simulacrum (IceCv)
  An acid dragon (D:12)
  9 water moccasins
  2 sky beasts
  2 orc warriors
  A black bear (D:4)
  2 ice beasts
  2 ogres (D:5)
  16 wolves
  19 centaurs
  A phantom (D:5)
  A kobold brigand (D:12)
  15 bullfrogs
  2 scorpions
  3 water moccasin zombies
  A cane toad simulacrum (IceCv)
  A two-headed ogre simulacrum (IceCv)
  3 wights (D:5)
  2 water moccasin skeletons
  2 elephant simulacra (IceCv)
  4 killer bees (D:9)
  5 electric eels (Lair:2)
  11 howler monkeys
  2 centaur zombies
  3 lava snakes (Lair:2)
  A hound (D:5)
  A bullfrog zombie (D:6)
  6 orc priests
  3 jellies
  A bullfrog skeleton (D:5)
  A centaur skeleton (D:6)
  An iguana (D:6)
  7 hell rats
  5 orc wizards
  A troll simulacrum (IceCv)
  A killer bee zombie (D:8)
  2 mummies (Ossuary)
  2 howler monkey zombies
  5 adders
  7 gnolls
  2 naga simulacra (IceCv)
  A shadow imp (D:7)
  6 white imps
  4 ufetubi
  8 adder zombies
  2 adder skeletons
  2 worms
  5 dart slugs
  20 orcs
  4 bats
  A bat skeleton (D:2)
  10 endoplasms
  4 giant cockroaches
  4 hobgoblins
  6 jackals
  11 kobolds
  A quokka (D:3)
  8 ball pythons
  2 frilled lizards
  A giant cockroach zombie (D:2)
  4 gnoll zombies (Ossuary)
  6 goblins
  6 hobgoblin zombies (Ossuary)
  5 kobold zombies (Ossuary)
  4 orc zombies (Ossuary)
  3 rats
463 creatures vanquished.

Vanquished Creatures (others)
  An ufetubus (IceCv)
  29 fungi
  54 plants
84 creatures vanquished.

Grand Total: 547 creatures vanquished

Notes
Turn   | Place    | Note
-------+----------+-------------------------------------------
     0 | D:1      | Ethylacetat the Naga Hunter began the quest for the Orb.
     0 | D:1      | Reached XP level 1. HP: 19/19 MP: 1/1
   156 | D:1      | Reached skill level 4 in Bows
   156 | D:1      | Reached XP level 2. HP: 22/26 MP: 2/2
   464 | D:1      | Found a faded altar of an unknown god.
  1329 | D:2      | Reached XP level 3. HP: 27/32 MP: 3/3
  1817 | D:2      | Reached skill level 1 in Short Blades
  2237 | D:2      | Reached XP level 4. HP: 31/39 MP: 4/4
  2815 | D:3      | Noticed a centaur
  2838 | D:3      | Killed a centaur
  2839 | D:3      | Reached skill level 5 in Bows
  2839 | D:3      | Reached XP level 5. HP: 24/48 MP: 5/5
  3007 | D:3      | Found Jyuplualle's Magic Scroll Emporium.
  3096 | D:3      | Bought a scroll of identify for 20 gold pieces
  3096 | D:3      | Bought 2 scrolls of teleportation for 60 gold pieces
  3096 | D:3      | Bought a scroll of fog for 20 gold pieces
  3157 | D:3      | Noticed Sigmund
  3170 | D:3      | Killed Sigmund
  3171 | D:3      | Reached skill level 6 in Bows
  3171 | D:3      | Reached XP level 6. HP: 39/56 MP: 6/6
  3352 | D:3      | Noticed a sky beast
  3362 | D:3      | Killed a sky beast
  3363 | D:3      | Reached XP level 7. HP: 64/64 MP: 7/7
  3594 | D:4      | You fall into a shaft and drop 3 floors!
  4000 | D:7      | Learned a level 2 spell: Poisonous Vapours
  4053 | D:5      | Entered Level 5 of the Dungeon
  4138 | D:5      | Reached skill level 7 in Bows
  4160 | D:5      | Found a sand-covered staircase.
  4227 | Ossuary  | Entered an ossuary
  4621 | Ossuary  | Reached skill level 5 in Fighting
  4621 | Ossuary  | Reached XP level 8. HP: 60/74 MP: 8/8
  4918 | D:5      | Reached skill level 8 in Bows
  5544 | D:4      | Found a staircase to the Ecumenical Temple.
  6066 | D:4      | Found a hazy altar of Hepliaklqana.
  6179 | Temple   | Entered the Ecumenical Temple
  6239 | Temple   | Became a worshipper of Cheibriados the Contemplative
  6362 | D:4      | Reached skill level 1 in Invocations
  6826 | D:6      | Reached skill level 9 in Bows
  6852 | D:6      | Reached XP level 9. HP: 75/82 MP: 10/10
  7454 | D:6      | Reached * piety under Cheibriados
  7947 | D:8      | Noticed Maurice
  7965 | D:8      | Killed Maurice
  7966 | D:8      | Reached skill level 1 in Air Magic
  8050 | D:8      | Reached skill level 1 in Spellcasting
  8138 | D:8      | Reached skill level 10 in Bows
  8179 | D:8      | Reached ** piety under Cheibriados
  8187 | D:8      | Reached XP level 10. HP: 35/94 MP: 13/13
  8302 | D:8      | Noticed Joseph
  8313 | D:8      | Killed Joseph
  8314 | D:8      | Reached skill level 5 in Invocations
  8649 | D:9      | Found a stormy altar of Qazlal.
  8719 | D:9      | Identified the +1 leather armour "Elicyok" {Str+5}
  8785 | D:9      | Found Fank's General Store.
  8817 | D:9      | Bought a potion of degeneration for 17 gold pieces
  9311 | D:10     | Entered Level 10 of the Dungeon
  9338 | D:10     | Noticed a manticore
  9343 | D:10     | Killed a manticore
  9362 | D:10     | Reached *** piety under Cheibriados
  9484 | D:10     | Reached XP level 11. HP: 104/104 MP: 16/16
  9492 | D:10     | Reached skill level 11 in Bows
  9658 | D:10     | Found an ancient bone altar of Kikubaaqudgha.
  9676 | D:10     | Found a bloodstained altar of Trog.
  9696 | D:10     | Found a staircase to the Orcish Mines.
  9776 | D:10     | Identified the ring "Baaxuram" {rPois Dex+3 SInv}
  9795 | D:10     | Reached **** piety under Cheibriados
 10195 | D:11     | Noticed a two-headed ogre
 10202 | D:11     | Killed a two-headed ogre
 10231 | D:11     | Noticed a two-headed ogre
 10239 | D:11     | Killed a two-headed ogre
 10292 | D:11     | Found a staircase to the Lair.
 10338 | D:11     | Identified a scroll of acquirement
 10347 | D:11     | Acquired a +1 longbow of flaming
 10477 | D:11     | Noticed a four-headed hydra
 10482 | D:11     | Killed a four-headed hydra
 10536 | D:11     | Noticed a cyclops
 10537 | D:11     | Killed a cyclops
 10546 | D:11     | Reached skill level 10 in Fighting
 10650 | D:11     | Learned a level 2 spell: Blink
 10667 | D:11     | Identified the ring "Coavepani" {rElec rN+ EV+4 Int+4}
 10750 | D:11     | Reached XP level 12. HP: 104/116 MP: 18/18
 10875 | D:12     | Noticed a two-headed ogre
 10876 | D:12     | Noticed a two-headed ogre
 10881 | D:12     | Killed a two-headed ogre
 10882 | D:12     | Reached skill level 5 in Air Magic
 10882 | D:12     | Killed a two-headed ogre
 10882 | D:12     | Reached ***** piety under Cheibriados
 10883 | D:12     | Identified the +1 helmet "Buapauh" {rPois rC+ rN++ Dex-5}
 10970 | D:12     | Found the ring of the Tortoise {AC+8}
 11163 | D:12     | Noticed a centaur warrior
 11169 | D:12     | Killed a centaur warrior
 11170 | D:12     | Reached skill level 12 in Bows
 11397 | D:13     | Noticed a centaur warrior
 11399 | D:13     | Killed a centaur warrior
 11402 | D:13     | Reached skill level 5 in Spellcasting
 11553 | D:13     | Found a hide-covered altar of Uskayaw.
 11595 | D:13     | Noticed Urug
 11658 | Lair:1   | Entered Level 1 of the Lair of Beasts
 11968 | Lair:1   | Reached skill level 10 in Invocations
 12426 | Lair:2   | Noticed Erica
 12430 | Lair:2   | Killed Erica
 12466 | Lair:2   | Noticed a seven-headed hydra
 12470 | Lair:2   | Killed a seven-headed hydra
 12483 | Lair:2   | Gained mutation: You can use your snake-like lower body to
                  | constrict enemies. [Naga growth]
 12483 | Lair:2   | Reached XP level 13. HP: 127/127 MP: 21/21
 12636 | Lair:2   | Noticed Sonja
 12640 | Lair:2   | Killed Sonja
 12835 | Lair:2   | Reached ****** piety under Cheibriados
 12982 | Lair:2   | Reached skill level 13 in Bows
 13511 | Lair:3   | Noticed Nergalle
 13515 | Lair:3   | Killed Nergalle
 13796 | Lair:3   | Found a staircase to the Snake Pit.
 13928 | Lair:3   | Noticed Gastronok
 13938 | Lair:3   | Killed Gastronok
 14083 | Lair:3   | Found a staircase to the Swamp.
 14360 | Snake:1  | Entered Level 1 of the Snake Pit
 14360 | Snake:1  | Noticed Donald
 14776 | Lair:4   | Reached XP level 14. HP: 139/139 MP: 23/23
 15894 | Lair:5   | Found a runed translucent door.
 15894 | Lair:5   | Found a viscous altar of Jiyva.
 15894 | Lair:5   | Noticed an azure jelly
 15900 | Lair:5   | Found a staircase to the Slime Pits.
 16348 | Lair:5   | Reached skill level 14 in Bows
 16695 | Lair:6   | Entered Level 6 of the Lair of Beasts
 16808 | Lair:6   | Found a frozen archway.
 16821 | IceCv    | Entered an ice cave
 17388 | IceCv    | Noticed a reaper
 17394 | IceCv    | Killed a reaper
 17396 | IceCv    | HP: 1/141 [something (39)]
 17397 | IceCv    | Engulfed by a cloud of freezing vapour

Illustrated notes

Levels and vault maps discovered:
D:1:      heliophobic_arrival_ceremonial_halls, layout_basic,
          nicolae_ecumenical_lake_church, chequers_serial_rivers_room_b,
          glass_columns_a
D:2:      layout_loops_ring, serial_undead, serial_undead_a, serial_undead_d,
          serial_undead_d, serial_undead_a
D:3:      layout_rooms, serial_shops, shop, kennysheep_generic_room_12,
          uniq_sigmund
D:4:      layout_layer_cave, lemuel_round_altar,
          minmay_temple_entry_statues_pillars, hangedman_decor_growths
D:5:      layout_basic, nicolae_ossuary_entry_false_entrances
D:6:      layout_rooms
D:7:      layout_rooms
D:8:      layout_basic, minmay_manual_mess, uniq_joseph, uniq_maurice
D:9:      layout_roguey, grunt_qazlal_sundering, serial_shops, shop
D:10:     argonaut_augean_stables, layout_rooms, overflow_temple_1_default,
          mainiacjoe_overflow_alcove_2
D:11:     layout_loops_ring, david_lair_generic, minivault_15
D:12:     layout_rooms
D:13:     minmay_the_grid_octo_tiled_squarecenter
          [minmay_the_grid_octo_pinwheel, minmay_the_grid_octo_concentric,
          minmay_the_grid_octo_thin_diamonds,
          minmay_the_grid_octo_tetromino_candy,
          minmay_the_grid_square_5x5_megaprize_open,
          minmay_the_grid_square_5x5_six_small,
          minmay_the_grid_square_5x5_slash,
          minmay_the_grid_square_5x5_sharp_hourglass,
          minmay_the_grid_square_5x5_eight], layout_cave_pools,
          kennysheep_pointless_box, dancing_weapons_uskayaw, uniq_urug
Temple:   mainiacjoe_temple_coin_purse
Lair:1:   layout_cave_pods
Lair:2:   gammafunk_indiana_jones, layout_loops_ring,
          nicolae_lair_liquid_snakes, serial_bayou_shore_a, uniq_sonja,
          uniq_erica
Lair:3:   layout_hall_layers, swamp_mist_pool, dummy_snake_entry,
          chequers_serial_rivers_large_a, uniq_nergalle, uniq_gastronok
Lair:4:   layout_cave_pods, infiniplex_staircase_pool_2
Lair:5:   layout_cellular_growth, slime_altar_2, serial_bayou_ford_a,
          grunt_megastairs_5
Lair:6:   hangedman_lair_in_review, layout_gridlike,
          hangedman_lair_caniforms_friends, portal_ice_cave_rime,
          hibernation_bobbens
Snake:1:  layout_onion_interference, uniq_donald, uniq_azrael, uniq_aizul
IceCv:    ice_cave_small_demon

Skill      XL: |  1  2  3  4  5  6  7  8  9 10 11 12 13 14 |
---------------+-------------------------------------------+-----
Bows           | 4 5 6 7 9 10 11 12 13 14 | 14.4
Short Blades   | 1 |  1.0
Fighting       | 3 4 5 6 7 8 10 11 12 13 | 13.2
Invocations    | 1 4 6 8 10 11 12 | 12.9
Air Magic      | 1 3 4 6 7 |  7.6
Spellcasting   | 1 3 4 5 6 |  6.9
Armour         | |  0.4
Dodging        | |  1.5
Stealth        | |  1.5

Action                   |  1- 3 |  4- 6 |  7- 9 | 10-12 | 13-15 || total
-------------------------+-------+-------+-------+-------+-------++-------
Melee: Short sword       |   128 |    37 |   121 |    11 |     2 ||   299
       Punch             |       |     2 |     2 |       |       ||     4
       Constrict         |       |       |       |       |     1 ||     1
 Fire: Shortbow          |       |    49 |   418 |   281 |       ||   748
       Longbow           |       |       |       |   149 |   408 ||   557
 Cast: Blink             |       |       |       |     5 |       ||     5
 Abil: Spit Poison       |    29 |    13 |    32 |     4 |       ||    78
Evoke: Wand              |       |       |     7 |    12 |     1 ||    20
  Use: Potion            |       |     2 |     9 |     1 |     4 ||    16
       Scroll            |       |       |     1 |    18 |     3 ||    22
Armor: Leather armour    |    42 |    35 |   156 |    47 |    46 ||   326
       Skin              |       |       |    34 |    34 |       ||    68
Dodge: Dodged            |   103 |    51 |   145 |    91 |    95 ||   485
Block: Other             |       |       |       |    13 |    33 ||    46
       Reflection        |       |       |       |     4 |       ||     4
